 Dungeon Crawl Stone Soup version 0.23.2-40-g277498a (webtiles) character file.

Game seed: 1313050800089236358

762 silentkaos13 the Apostate (level 7, -5/59 HPs)
             Began as a Hill Orc Monk on Oct 11, 2019.
             Was a Believer of Beogh (penitent).
             Slain by an orc warrior
             ... wielding a +0 glaive
             ... led by the wrath of Beogh
              (37 damage)
             ... on level 4 of the Dungeon.
             The game lasted 00:10:09 (4362 turns).

silentkaos13 the Apostate (Hill Orc Monk)           Turns: 4362, Time: 00:10:10

Health: -5/59      AC:  7    Str: 16    XL:     7   Next: 81%
Magic:  12/12      EV: 12    Int: 10    God:    Beogh [*]
Gold:   180        SH:  0    Dex: 13    Spells: 6/6 levels left

rFire    . . .     SeeInvis .   a - +0 hand axe
rCold    . . .     Gourm    .   (no shield)
rNeg     . . .     Faith    .   h - +0 ring mail
rPois    .         Spirit   .   (no helmet)
rElec    .         Reflect  .   o - +0 cloak
rCorr    .         Harm     .   (no gloves)
MR       .....                  (no boots)
Stlth    +.........             (no amulet)
HPRegen  0.19/turn              (no ring)
MPRegen  0.13/turn              (no ring)

@: no status effects
A: no striking features
a: Renounce Religion


You were on level 4 of the Dungeon.
You worshipped Beogh.
Beogh was demanding penance.
You were not hungry.

You visited 1 branch of the dungeon, and saw 4 of its levels.

You collected 180 gold pieces.

Inventory:

Hand Weapons
 a - a +0 hand axe (weapon)
Armour
 b - a +0 robe
 h - a +0 ring mail (worn)
 o - a +0 cloak (worn)
 p - a scarf of cloud immunity
Wands
 q - a wand of clouds (2)
Scrolls
 d - 2 scrolls of immolation
 f - a scroll of enchant armour
 j - a scroll of enchant weapon {unknown}
 k - 2 scrolls of identify
 n - a scroll of amnesia {unknown}
Potions
 e - a potion of flight {unknown}
 g - a potion of agility {unknown}
 l - a potion of degeneration {unknown}
 m - a potion of curing
 r - a potion of magic
 s - a potion of brilliance {unknown}
Comestibles
 c - 4 rations


   Skills:
 - Level 4.1 Fighting
 - Level 4.9 Axes
 - Level 5.8 Armour
 - Level 2.7 Dodging
 - Level 1.7 Stealth
 + Level 6.9 Invocations


You had 6 spell levels left.
You didn't know any spells.
Your spell library contained the following spells:

 Spells                   Type           Power        Failure   Level  Hunger
 Confusing Touch          Hex            #.....       54%         1    ##.....
 Confuse                  Hex            #.......     89%         3    ####...
 Gell's Gravitas          Tloc           #.........   89%         3    ####...
 Petrify                  Tmut/Erth      #.......     100%        4    #####..
 Metabolic Englaciation   Hex/Ice        #.........   100%        5    ######.
 Yara's Violent Unravell  Hex/Tmut       #.........   100%        5    ######.


Dungeon Overview and Level Annotations

Branches:
Dungeon (4/15)             Temple (0/1) D:4

Altars:
Elyvilon
Yredelemnul
The Shining One


Message History

Beogh sends forth an army of orcs.
An orc, 3 orc warriors, an orc priest and an orc knight come into view.
The orc warrior shouts! x2; The orc shouts!
The orc warrior shouts!
You hit the orc.
The orc is moderately wounded.
You hit the orc knight but do no damage.
You hit the orc warrior. The orc warrior barely misses you.
The orc hits you but does no damage.
The orc knight roars a battlecry!
The orcs go into a battle-frenzy!
As you read the scroll labeled ETY YNURYMU, it crumbles to dust.
It is a scroll of identify.
f - a scroll of enchant armour The orc knight barely misses you.
The orc warrior barely misses you.
As you read the scroll labeled ZYNGIX PAUM, it crumbles to dust.
You feel blessed for a moment.
It was a scroll of remove curse.
The orc warrior hits you from afar with a +0 glaive!!!
Ouch! That really hurt!
You die...
Beogh appreciates the orc warrior's killing of a heretic priest.

#########
#.......########
#...........o..# ####
#..##'#######@o# #...
#..#........#oo#
######.##
#..#........#oo#
#......##
#.W#......†.#..#
#.......#
####..#........#..#
#.......#
#.....#........#..##
#.).....#
......#........#...##
#.......#
#.)...#........#....#
#.......#
###...#........#..#.##
#######)#


You could see an orc knight, 3 orc warriors, an orc priest and an orc.

Vanquished Creatures
  The ghost of Freakazoid the Ruffian, an amateur OgTm (D:4)
  The ghost of SgtKobold the Skirmisher, an amateur GrWn (D:4)
  A phantom (D:4)
  An ogre (D:4)
  2 orc priests (D:4)
  2 orc wizards (D:3)
  An iguana (D:4)
  8 adders
  4 worms
  2 dart slugs
  3 leopard geckos (D:1)
  15 orcs
  9 giant cockroaches
  3 goblins
  11 hobgoblins
  5 jackals (D:3)
  5 kobolds
  A quokka (D:2)
  9 bats
  3 frilled lizards
  A leopard gecko skeleton (D:4)
  6 rats
94 creatures vanquished.

Vanquished Creatures (collateral kills)
  An orc priest (D:4)
1 creature vanquished.

Vanquished Creatures (others)
  An orc wizard (D:2)
  2 orcs (D:4)
3 creatures vanquished.

Grand Total: 98 creatures vanquished

Notes
Turn   | Place    | Note
-------+----------+-------------------------------------------
     0 | D:1      | silentkaos13 the Hill Orc Monk began the quest for the Orb.
     0 | D:1      | Reached XP level 1. HP: 19/19 MP: 1/1
   124 | D:1      | Reached XP level 2. HP: 23/27 MP: 2/2
   788 | D:1      | Reached XP level 3. HP: 31/33 MP: 3/3
  1067 | D:2      | Reached skill level 1 in Armour
  1117 | D:2      | Found a glowing golden altar of the Shining One.
  1177 | D:2      | Reached XP level 4. HP: 15/40 MP: 4/4
  1553 | D:2      | Became a worshipper of Beogh the Brigand
  1553 | D:2      | Reached * piety under Beogh
  1553 | D:2      | Reached ** piety under Beogh
  1973 | D:3      | Found a basalt altar of Yredelemnul.
  2440 | D:3      | Reached XP level 5. HP: 37/46 MP: 5/5
  2612 | D:3      | Reached XP level 6. HP: 32/52 MP: 6/6
  2792 | D:3      | Reached skill level 5 in Armour
  3088 | D:4      | Found a staircase to the Ecumenical Temple.
  3289 | D:4      | Reached *** piety under Beogh
  3300 | D:4      | Reached skill level 1 in Invocations
  3386 | D:4      | Reached skill level 2 in Invocations
  3731 | D:4      | Found a runed translucent gate.
  3731 | D:4      | Found a runed translucent gate.
  3733 | D:4      | Found a runed translucent gate.
  3739 | D:4      | Noticed Freakazoid's ghost (amateur OgTm)
  3739 | D:4      | Noticed SgtKobold's ghost (amateur GrWn)
  3755 | D:4      | Killed Freakazoid's ghost
  3755 | D:4      | Reached skill level 4 in Invocations
  3755 | D:4      | Reached XP level 7. HP: 37/59 MP: 8/10
  3755 | D:4      | Killed SgtKobold's ghost
  3755 | D:4      | Reached skill level 5 in Invocations
  3755 | D:4      | Was placed under penance by Beogh
  4141 | D:4      | Found a white marble altar of Elyvilon.
  4162 | D:4      | Reached skill level 6 in Invocations
  4359 | D:4      | Noticed an orc knight
  4362 | D:4      | Slain by an orc warrior

Skill      XL: |  1  2  3  4  5  6  7 |
---------------+----------------------+-----
Fighting       | 4 |  4.1
Armour         | 2 3 4 5 |  5.8
Invocations    | 4 6 |  6.9
Axes           | |  4.9
Dodging        | |  2.7
Stealth        | |  1.7

Action                   |  1- 3 |  4- 6 |  7- 9 || total
-------------------------+-------+-------+-------++-------
Melee: Hand axe          |   131 |   254 |    52 ||   437
Invok: Convert to Beogh  |       |     1 |       ||     1
Evoke: Wand              |       |       |     2 ||     2
  Use: Potion            |       |     3 |       ||     3
       Scroll            |       |     1 |     2 ||     3
 Stab: Sleeping          |     3 |       |       ||     3
  Eat: Chunk             |     1 |     6 |       ||     7
       Ration            |       |     1 |     1 ||     2
Armor: Robe              |    17 |       |       ||    17
       Ring mail         |    10 |   108 |    10 ||   128
Dodge: Dodged            |    88 |   161 |    28 ||   277
